 Dungeon Crawl Stone Soup version 0.28.0-1-gb440e238dd (webtiles) character file.

Game seed: 15008105120768885644

65 Ablot the Grasshopper (level 4, -4/38 HPs)
             Began as a Gnoll Warper on Feb 26, 2022.
             Slain by Crazy Yiuf (12 damage)
             ... on level 2 of the Dungeon.
             The game lasted 00:01:54 (2552 turns).

Ablot the Grasshopper (Gnoll Warper)                Turns: 2552, Time: 00:01:55

Health: -4/38      AC:  4    Str: 12    XL:     4   Next: 14%
Magic:  20/20      EV: 12    Int: 13    God:
Gold:   91         SH:  0    Dex: 11    Spells: 11/13 levels left

rFire   . . .      SeeInvis .   o - +1 short sword (venom)
rCold   . . .      Faith    .   (no shield)
rNeg    . . .      Spirit   .   b - +0 leather armour
rPois   .          Reflect  .   h - +0 helmet
rElec   .          Harm     .   (no cloak)
rCorr   .          Rampage  .   (no gloves)
Will    .....                   (no boots)
Stlth   +.........              (no amulet)
HPRegen 0.12/turn               l - ring of magical power
MPRegen 0.17/turn               (no ring)

@: no status effects
A: fangs 1, strong nose, distributed training
a: no special abilities


You were on level 2 of the Dungeon.
You visited 1 branch of the dungeon, and saw 2 of its levels.

You collected 91 gold pieces.

Inventory:

Hand Weapons
 a - a +0 spear
 o - a +1 short sword of venom (weapon)
Missiles
 d - 5 boomerangs of dispersal (quivered)
 f - 56 stones
 i - 13 bolts
 u - 4 poisoned darts
Armour
 b - a +0 leather armour (worn)
 h - a +0 helmet (worn)
Magical Staves
 k - a staff of conjuration
Jewellery
 l - a ring of magical power (left hand)
Wands
 r - a wand of acid (10)
Scrolls
 c - a scroll of blinking
 e - a scroll of magic mapping {unknown}
 g - a scroll of enchant armour {unknown}
 j - a scroll of teleportation {unknown}
 p - a scroll of fog {unknown}
 t - a scroll of vulnerability {unknown}
Potions
 m - a potion of degeneration {unknown}
 n - a potion of mutation {unknown}
 q - 2 potions of haste {unknown}
 s - a potion of invisibility {unknown}


   Skills:
 + Level 4.6 Fighting
 + Level 1.0 Short Blades
 + Level 1.0 Long Blades
 + Level 1.0 Axes
 + Level 1.0 Maces & Flails
 + Level 4.6 Polearms
 + Level 1.0 Staves
 + Level 1.0 Slings
 + Level 1.0 Bows
 + Level 1.0 Crossbows
 + Level 2.7 Throwing
 + Level 2.7 Armour
 + Level 4.6 Dodging
 + Level 1.0 Stealth
 + Level 1.0 Shields
 + Level 1.0 Unarmed Combat
 + Level 5.0 Spellcasting
 + Level 0.8 Conjurations
 + Level 0.8 Hexes
 + Level 0.8 Summonings
 + Level 0.8 Necromancy
 + Level 5.4 Translocations
 + Level 0.8 Transmutations
 + Level 0.8 Fire Magic
 + Level 0.8 Ice Magic
 + Level 0.8 Air Magic
 + Level 0.8 Earth Magic
 + Level 0.8 Poison Magic
 + Level 1.1 Invocations
 + Level 1.0 Evocations


You had 11 spell levels left.
You knew the following spells:

 Your Spells              Type           Power      Damage    Failure   Level
a - Blink                 Tloc           34%        N/A       3%          2

Your spell library contained the following spells:

 Spells                   Type           Power      Damage    Failure   Level
 Gell's Gravitas          Tloc           17%        N/A       8%          3
 Lesser Beckoning         Tloc           17%        N/A       8%          3
 Teleport Other           Tloc           17%        N/A       8%          3
 Manifold Assault         Tloc           17%        N/A       56%         5


Dungeon Overview and Level Annotations

Branches:
Dungeon (2/15)

Altars:

Annotations:
D:2 Crazy Yiuf


Innate Abilities, Weirdness & Mutations

You have very sharp teeth.
Your uncanny sense of smell can sniff out nearby items.
Your experience applies equally to all skills.


Message History

You open the door.
Found a stone staircase leading down.
Unknown command.
You see here a +0 club.
There is a stone staircase leading up here.
There is a stone staircase leading up here.
You see here a +0 club.
There is an open door here.
q - 2 coppery potions (gained 1)
There is an open door here.
Partly explored, can't reach some places.
You hit the bush.
The bush is lightly damaged.
You hit the fungus.
The fungus begins to die.
The fungus is poisoned.
The fungus is lightly damaged.
You hit the fungus.
The fungus begins to die.
The fungus is poisoned.
The fungus is lightly damaged.
A nearby fungus withers and dies. x2
Found a mace.
Found a runed translucent door.
You open the door.
Crazy Yiuf whimpers, "Seed alas green!"
You hit Crazy Yiuf but do no damage.
Crazy Yiuf is poisoned.
Crazy Yiuf laughs, "Nubble sow arga!"
Crazy Yiuf hits you with a +2 quarterstaff of chaos.
Crazy Yiuf freezes you.
You hit Crazy Yiuf.
Crazy Yiuf looks as sick as possible!
Crazy Yiuf is moderately wounded.
Crazy Yiuf hits you with a +2 quarterstaff of chaos!
Crazy Yiuf freezes you.
You closely miss Crazy Yiuf.
Crazy Yiuf is moderately wounded.
Crazy Yiuf drinks a potion.
Crazy Yiuf is healed!
Crazy Yiuf looks more healthy.
You barely miss Crazy Yiuf.
Crazy Yiuf hits you with a +2 quarterstaff of chaos!
* * * LOW HITPOINT WARNING * * *
You hit Crazy Yiuf but do no damage.
Crazy Yiuf says, "Cards tired ena!"
Crazy Yiuf hits you with a +2 quarterstaff of chaos!
You die...

######....#####....###.##..##....
#....# #'..+# #.....##.... #....#
♣...P♣ #.###.#####. #....# ♣♣P..♣
#.# #.# ## #....# ♣♣.♣♣
#.###.###### #....# ♣♣.♣
#..##....... #....# ♣.♣♣
#..##....... #....# ♣♣.♣
#..##....... ###### ♣@♣♣
#..##....... #g# #..###...... ...
#..##....... #...# #..##.......
###### #)..# #.###.......
#######....# ##### #.# #.......
...........# #.# #.......
...........####### ##.# #.......
.........###...#'# #..# #.......


You could see Crazy Yiuf.

Vanquished Creatures
  2 adders (D:2)
  2 worms (D:2)
  3 dart slugs
  2 endoplasms
  A giant cockroach (D:1)
  4 goblins
  A hobgoblin (D:1)
  7 jackals
  2 quokkas
  3 ball pythons (D:2)
  2 frilled lizards (D:2)
  A kobold (D:1)
  4 rats (D:1)
34 creatures vanquished.

Vanquished Creatures (others)
  2 fungi (D:2)
2 creatures vanquished.

Grand Total: 36 creatures vanquished

Notes
Turn   | Place    | Note
-------+----------+-------------------------------------------
     0 | D:1      | Ablot the Gnoll Warper began the quest for the Orb.
     0 | D:1      | Reached XP level 1. HP: 20/20 MP: 6/6
   153 | D:1      | Reached XP level 2. HP: 26/26 MP: 7/7
   156 | D:1      | Learned a level 2 spell: Blink
  1215 | D:2      | Reached XP level 3. HP: 23/31 MP: 9/9
  1352 | D:2      | Reached skill level 5 in Spellcasting
  1456 | D:2      | Reached skill level 1 in Invocations
  1742 | D:2      | Reached skill level 1 in Short Blades
  1742 | D:2      | Reached skill level 1 in Long Blades
  1742 | D:2      | Reached skill level 1 in Axes
  1742 | D:2      | Reached skill level 1 in Maces & Flails
  1742 | D:2      | Reached skill level 1 in Staves
  1742 | D:2      | Reached skill level 1 in Slings
  1742 | D:2      | Reached skill level 1 in Bows
  1742 | D:2      | Reached skill level 1 in Crossbows
  1742 | D:2      | Reached skill level 1 in Stealth
  1742 | D:2      | Reached skill level 1 in Shields
  1742 | D:2      | Reached skill level 1 in Unarmed Combat
  1742 | D:2      | Reached skill level 1 in Evocations
  1742 | D:2      | Reached XP level 4. HP: 31/38 MP: 11/11
  2543 | D:2      | Found a runed translucent door.
  2544 | D:2      | Noticed Crazy Yiuf
  2552 | D:2      | Slain by Crazy Yiuf

Illustrated notes

Levels and vault maps discovered:
D:1:      dpeg_arrival_solitude, layout_basic, serial_corexii_hall,
          corexii_hall_statues_t, corexii_hall_statues_i
D:2:      layout_basic, st_stairs_13, nicolae_figureground_sparkle,
          uniq_crazy_yiuf_cottage

Skill      XL: |  1  2  3 |
---------------+----------+-----
Spellcasting   | 5 |  5.0
Invocations    | 1 |  1.1
Short Blades   | 1 |  1.0
Long Blades    | 1 |  1.0
Axes           | 1 |  1.0
Maces & Flails | 1 |  1.0
Staves         | 1 |  1.0
Slings         | 1 |  1.0
Bows           | 1 |  1.0
Crossbows      | 1 |  1.0
Stealth        | 1 |  1.0
Shields        | 1 |  1.0
Unarmed Combat | 1 |  1.0
Evocations     | 1 |  1.0
Fighting       | |  4.6
Polearms       | |  4.6
Throwing       | |  2.7
Armour         | |  2.7
Dodging        | |  4.6
Conjurations   | |  0.8
Hexes          | |  0.8
Summonings     | |  0.8
Necromancy     | |  0.8
Translocations | |  5.4
Transmutations | |  0.8
Fire Magic     | |  0.8
Ice Magic      | |  0.8
Air Magic      | |  0.8
Earth Magic    | |  0.8
Poison Magic   | |  0.8

Action                   |  1- 3 |  4- 6 || total
-------------------------+-------+-------++-------
Melee: Spear             |   104 |       ||   104
       Bite              |     9 |     3 ||    12
       Punch             |     1 |       ||     1
       Short sword       |    32 |    21 ||    53
 Stab: Sleeping          |     1 |       ||     1
Armor: Leather armour    |    36 |     2 ||    38
Dodge: Dodged            |    76 |     6 ||    82
